AoeStats
← MoltoBenny

Lombardia

508783158Analyzed
4v4 RM · 9d ago on Sep 24, 2026· 19m 54s· 8 players
Game mode
Random Map
Map size
Large (8 player)
Population
200
Speed
Normal
Resources
Standard
Victory
Conquest
Starting age
Dark Age
Ending age
Imperial Age
RankedLock teamsTeams togetherTeam positionsShared explorationLock speedFull tech treeHidden civsTurbo modeCheats
Victory
Defeat
🇺🇸 Danes · United States
1088
+10
🇺🇸 Teutons · United States
1003
+13
🇺🇸 Mongols · United States
988
+13
🇺🇸 Ethiopians · United States
794
+21
🇺🇸 Ethiopians · United States
960
-15
🇺🇸 Varangians · United States
924
-14
🇺🇸 Inca · United States
922
-37
🇨🇴 Persians · Colombia
919
-14
Dr. Jaws
12:37 Feudal Age
11:52 Loom
13:00 Horse Collar
13:05 Double-Bit Axe
15:13 Gold Mining
19:43 Castle Age
17:30 Town Watch
17:56 Stone Mining
18:59 Champi Runner
Mr Ben Wayde
11:37 Feudal Age
16:00 Castle Age
15:53 Gold Mining
15:51 Double-Bit Axe
18:04 Bloodlines
CARLOS5DN
11:58 Feudal Age
10:14 Loom
16:10 Double-Bit Axe
20:11 Castle Age
Wangdangdoodle
10:42 Feudal Age
14:27 Castle Age
12:49 Double-Bit Axe
13:40 Horse Collar
16:47 Crossbowman
LactoseTolerant
8:08 Loom
10:19 Feudal Age
MoltoBenny
4:00 Loom
11:09 Feudal Age
12:39 Double-Bit Axe
14:37 Wheelbarrow
14:11 Scale Barding Armor
14:30 Horse Collar
15:58 Forging
17:09 Bloodlines
krockgreen
7:30 Loom
9:47 Feudal Age
10:30 Double-Bit Axe
12:21 Horse Collar
18:40 Castle Age
16:37 Fletching
18:01 Padded Archer Armor
19:28 Crossbowman
20:14 Thumb Ring
elf
1:53 Loom
2:17 Loom
2:57 Loom
3:02 Loom
3:25 Loom
12:37 Feudal Age
14:10 Wheelbarrow
13:39 Double-Bit Axe
13:42 Horse Collar
17:38 Town Watch
20:32 Castle Age
Connection lost

Rejoining the realm…

Still unreachable

The connection could not be restored.

Session expired

The server has moved on; the page needs a fresh start.